 Dungeon Crawl Stone Soup version 0.29.1-2-gbd0b4ee654 (webtiles) character file.

Game seed: 15764621203458133988

300 funnyparkerb the Sneak (level 6, -5/33 HPs)
             Began as a Vine Stalker Brigand on Nov 9, 2022.
             Slain by a two-headed ogre
             ... wielding a +0 giant club
              (14 damage)
             ... on level 5 of the Dungeon.
             The game lasted 00:06:17 (3295 turns).

funnyparkerb the Sneak (Vine Stalker Brigand)       Turns: 3295, Time: 00:06:18

Health: -5/33      AC: 10    Str: 20    XL:     6   Next: 36%
Magic:  0/7        EV: 13    Int: 11    God:
Gold:   38         SH:  0    Dex: 21    Spells: 5/5 levels left

rFire   . . .      SeeInvis .   p - +8 falchion of Peace {vorpal, Contam Will++ Dex+4}
rCold   + . .      Faith    .   (no shield)
rNeg    . . .      Spirit   +   n - +0 steam dragon scales
rPois   .          Reflect  .   (no helmet)
rElec   .          Harm     .   c - +0 cloak
rCorr   .          Rampage  .   l - +3 pair of gloves of Catatonia {Drain rC+ Will++ Stlth+}
Will    ++++.                   (no boots)
Stlth   ++++......              j - amulet of the acrobat
HPRegen 0.91/turn               r - +6 ring of strength
MPRegen 0.10/turn               (no ring)

@: no status effects
A: fangs 2, regeneration 1, magic shield, antimagic bite, no potion heal 2
a: no special abilities


You were on level 5 of the Dungeon.
You visited 1 branch of the dungeon, and saw 5 of its levels.

You collected 38 gold pieces.

Inventory:

Hand Weapons
 a - a +2 dagger
 p - the +8 falchion of Peace (weapon) {vorpal, Contam Will++ Dex+4}
   (You found it on level 4 of the Dungeon)

   It inflicts extra damage upon your enemies.
   Dex:       It affects your dexterity (+4).
   Contam:    It causes magical contamination when unequipped.
   Will:      It greatly increases your willpower.
Missiles
 d - 2 poisoned darts (quivered)
 e - 3 curare-tipped darts
 t - 4 atropa-tipped darts
Armour
 c - a +0 cloak (worn)
 l - the +3 pair of gloves of Catatonia (worn) {Drain rC+ Will++ Stlth+}
   (You found it on level 3 of the Dungeon)

   rC:        It protects you from cold.
   Drain:     It drains your maximum health when unequipped.
   Will:      It greatly increases your willpower.
   Stlth:     It makes you more stealthy.
 n - +0 steam dragon scales (worn)
Jewellery
 j - an amulet of the acrobat (around neck)
 r - a +6 ring of strength (left hand)
Scrolls
 b - 3 scrolls of silence {unknown}
 k - 3 scrolls of identify {unknown}
 q - a scroll of immolation {unknown}
 s - a scroll of vulnerability {unknown}
 u - a scroll of teleportation {unknown}
Potions
 f - a potion of cancellation {unknown}
 g - 3 potions of haste {unknown}
 h - 2 potions of mutation {unknown}
 i - 3 potions of degeneration {unknown}
 m - 2 potions of berserk rage {unknown}
 o - a potion of curing {unknown}
 v - a potion of ambrosia {unknown}


   Skills:
 * Level 3.7 Fighting
 - Level 3.0 Short Blades
 + Level 0.3(1.9) Long Blades
 - Level 1.7 Throwing
 * Level 3.1 Dodging
 + Level 5.2 Stealth


You had 5 spell levels left.
You didn't know any spells.
Your spell library contained the following spells:

 Spells                   Type           Power      Damage    Failure   Level
 Static Discharge         Conj/Air       0%         3-3/arc   47%         2
 Gell's Gravitas          Tloc           0%         N/A       71%         3
 Lesser Beckoning         Tloc           0%         N/A       71%         3
 Teleport Other           Tloc           0%         N/A       71%         3
 Dispel Undead            Necr           0%         3d6       98%         4
 Sticky Flame             Conj/Fire      0%         2d3       98%         4


Dungeon Overview and Level Annotations

Branches:
Dungeon (5/15)
 Temple: D:4-7

Altars:


Innate Abilities, Weirdness & Mutations

You have extremely sharp teeth.
Your natural rate of healing is unusually fast.
When hurt, damage is shared between your health and your magic reserves.
Your bite disrupts and absorbs the magic of your enemies.
Potions cannot restore your health.


Message History

The poisoned dart hits the two-headed ogre.
The two-headed ogre looks even sicker.
You throw a poisoned dart.
The poisoned dart hits the two-headed ogre.
The two-headed ogre looks even sicker.
You throw a poisoned dart.
The poisoned dart barely misses the two-headed ogre.
You throw a poisoned dart.
The poisoned dart hits the two-headed ogre.
The two-headed ogre looks as sick as possible!
The two-headed ogre is lightly wounded.
There is an open door here.
You throw a poisoned dart.
The poisoned dart barely misses the two-headed ogre.
The two-headed ogre closely misses you. x2
There is an open door here.
The two-headed ogre attacks as you move away!
The two-headed ogre completely misses you.
The two-headed ogre hits you with a +0 giant club!
You throw a poisoned dart.
The poisoned dart hits the two-headed ogre.
The two-headed ogre looks even sicker.
The two-headed ogre is heavily wounded.
You hit the two-headed ogre. Your bite misses the two-headed ogre.
The two-headed ogre is severely wounded.
The two-headed ogre barely misses you.
The two-headed ogre hits you with a +0 giant club!!
Ouch! That really hurt!
* * * LOW HITPOINT WARNING * * *
You barely miss the two-headed ogre. You bite the two-headed ogre.
You drain its power.
You feel invigorated.
The two-headed ogre is severely wounded.
The two-headed ogre barely misses you.
The two-headed ogre hits you but does no damage.
You barely miss the two-headed ogre. You bite the two-headed ogre.
You drain its power.
You feel invigorated.
The two-headed ogre is almost dead.
The two-headed ogre closely misses you.
The two-headed ogre hits you with a +0 giant club!!
You die...

#.########
##.####.#.......
............##.
##.####<#.#.....
##.........#
#.....######
##...## ##.## #@#
#O# ##(## ##...##
...#.....##
.#.......## ##
#.........####...#(
+.........'(.....((
#.........####.....


You could see a two-headed ogre (very poisoned).

Vanquished Creatures
  A scorpion (D:4)
  An orc priest (D:3)
  Crazy Yiuf (D:2)
  2 iguanas
  3 gnolls (D:4)
  An adder (D:3)
  6 dart slugs
  4 orcs
  7 ball pythons
  4 bats
  7 endoplasms
  5 giant cockroaches
  6 goblins
  10 hobgoblins
  5 quokkas
  6 frilled lizards
  6 kobolds
  4 rats
79 creatures vanquished.

Notes
Turn   | Place    | Note
-------+----------+-------------------------------------------
     0 | D:1      | funnyparkerb the Vine Stalker Brigand began the quest for
                  | the Orb.
     0 | D:1      | Reached XP level 1. HP: 11/11 MP: 2/2
    35 | D:1      | Reached skill level 1 in Dodging
   379 | D:1      | Reached XP level 2. HP: 15/15 MP: 3/3
   385 | D:1      | Found a faded altar of an unknown god.
   809 | D:1      | Reached XP level 3. HP: 19/19 MP: 4/4
  1495 | D:2      | Found a runed translucent door.
  1496 | D:2      | Noticed Crazy Yiuf
  1920 | D:2      | Gained mutation: Your natural rate of healing is unusually
                  | fast. [Vine Stalker growth]
  1920 | D:2      | Reached XP level 4. HP: 23/23 MP: 5/5
  2113 | D:2      | Killed Crazy Yiuf
  2238 | D:3      | Identified the +3 pair of gloves of Catatonia {Drain rC+
                  | Will++ Stlth+}
  2246 | D:3      | Reached XP level 5. HP: 28/28 MP: 6/6
  2717 | D:4      | Identified the +8 falchion of Peace {vorpal, Contam Will++
                  | Dex+4}
  2722 | D:4      | Reached skill level 5 in Stealth
  2722 | D:4      | Reached XP level 6. HP: 32/32 MP: 7/7
  3254 | D:5      | Entered Level 5 of the Dungeon
  3275 | D:5      | Noticed a two-headed ogre
  3295 | D:5      | Slain by a two-headed ogre

Illustrated notes

Levels and vault maps discovered:
D:1:      giann_horns, layout_basic, nicolae_ecumenical_lake_church,
          minmay_ruptured
D:2:      layout_rooms, serial_glass, glass_columns_b, glass_columns_a,
          glass_columns_a, glass_columns_b, glass_columns_a, glass_columns_b,
          glass_columns_b, glass_columns_b, minmay_strange_pillars,
          item_on_display_a, small_statue_intersection, uniq_crazy_yiuf_cottage
D:3:      layout_rooms, hex_tiny, minmay_misc_feat_roman
D:4:      layout_rooms, minmay_box_of_dots
D:5:      kennysheep_slugbush, layout_loops_corners, minitemple,
          nicolae_xom_altar_mimics, nicolae_ossuary_entry_catacombs,
          kennysheep_small_spiral, item_on_display_a

Skill      XL: |  1  2  3  4  5  6 |
---------------+-------------------+-----
Dodging        | 1 2 3 |  3.1
Fighting       | 2 3 |  3.7
Short Blades   | 2 3 |  3.0
Stealth        | 5 |  5.2
Long Blades    | |  0.3
Throwing       | |  1.7

Action                   |  1- 3 |  4- 6 || total
-------------------------+-------+-------++-------
Melee: Dagger            |   104 |    57 ||   161
       Bite              |    22 |    20 ||    42
       Falchion          |       |    19 ||    19
       Punch             |       |     1 ||     1
Throw: Dart              |     2 |    22 ||    24
 Stab: Sleeping          |    10 |     9 ||    19
       Distracted        |     1 |     1 ||     2
Armor: Robe              |    17 |       ||    17
       Leather armour    |     2 |       ||     2
       Steam dragon scal |       |    21 ||    21
Dodge: Dodged            |    68 |    50 ||   118
